 Dungeon Crawl Stone Soup version 0.26-a0-950-g52035dc9a5 (webtiles) character file.

Game seed: 4946642727948009008

11100 Ge0ff the Slinger (level 12, -5/86 HPs)
             Began as a Halfling Hunter on Nov 29, 2020.
             Was an Initiate of Gozag.
             Hit by a silver javelin thrown by a minotaur (10 damage)
             ... in a Gauntlet.
             The game lasted 00:31:13 (11944 turns).

Ge0ff the Slinger (Halfling Hunter)                Turns: 11944, Time: 00:31:14

Health: -5/86      AC: 17    Str: 15    XL:     12   Next: 3%
Magic:  11/21      EV: 17    Int: 12    God:    Gozag
Gold:   1987       SH:  0    Dex: 18    Spells: 11/11 levels left

rFire    + . .     SeeInvis .   a - +0 hunting sling of Barnacled Prudence {flame, *Contam +Blink Stlth+}
rCold    . . .     Faith    .   (shield restricted)
rNeg     . . .     Spirit   .   r - +2 scale mail "Bostei" {rF+ MP+9 Int+3}
rPois    .         Reflect  .   D - +2 hat
rElec    .         Harm     +   Q - +1 cloak
rCorr    .         Rampage  .   U - +0 pair of gloves "Yrpheqio" {Harm} (curse)
MR       .....     NoTele   +   M - +0 pair of boots
Stlth    ++........             (no amulet)
HPRegen  0.24/turn              O - +4 ring of slaying {=R}
MPRegen  0.17/turn              Y - ring of flight

@: hasted, very quick
A: small, mutation resistance 1
a: Potion Petition, Call Merchant, Bribe Branch, Renounce Religion, Evoke Blink,
Evoke Flight


You were in a Gauntlet.
You worshipped Gozag.
Gozag was most pleased with you.
You visited 2 branches of the dungeon, and saw 14 of its levels.
You also visited: Sewer, Ossuary and Gauntlet.

You collected 2448 gold pieces.
You spent 387 gold pieces at shops.
You paid 74 gold pieces to Gozag.

Inventory:

Hand Weapons
 a - the +0 hunting sling of Barnacled Prudence (weapon) {flame, *Contam +Blink Stlth+}
   (You found it on level 6 of the Dungeon)

   It causes projectiles fired from it to burn those they strike, causing extra
   injury to most foes and up to half again as much damage against particularly
   susceptible opponents.
   It lets you blink.
   It causes magical contamination when unequipped.
   It makes you more stealthy.
 b - a +2 short sword of speed {don't train}
 z - a +2 hunting sling
Missiles
 g - 27 boomerangs {don't train}
 h - 174 stones {don't train}
 v - 4 curare-tipped darts {don't train=f}
 A - 131 sling bullets (quivered)
 G - 99 poisoned darts {don't train}
Armour
 l - a scarf of harm
 r - the +2 scale mail "Bostei" (worn) {rF+ MP+9 Int+3}
   (You found it on level 10 of the Dungeon)

   It affects your intelligence (+3).
   It protects you from fire.
   It affects your magic capacity (+9).
 s - a +0 plate armour
 x - a +2 pair of gloves of strength
 D - a +2 hat (worn)
 M - a +0 pair of boots (worn)
 Q - a +1 cloak (worn)
 U - the cursed +0 pair of gloves "Yrpheqio" (worn) {Harm}
   (You found it in a Gauntlet)

   It increases damage dealt and taken.
   It has a curse placed upon it.
Jewellery
 o - an uncursed ring of ice
 O - a +4 ring of slaying (left hand) {=R}
 S - an uncursed ring of wizardry
 Y - a ring of flight (right hand)
Wands
 d - a wand of digging (6)
 e - a wand of enslavement (8)
 f - a wand of flame (15)
 j - a wand of acid (4)
 p - a wand of paralysis (3)
 P - a wand of polymorph (13)
Scrolls
 m - 2 scrolls of magic mapping
 u - a scroll of holy word
 B - 2 scrolls of blinking
 E - a scroll of fear
 F - a scroll of fog
 I - 2 scrolls of enchant armour
 T - 13 scrolls of teleportation
Potions
 q - 7 potions of curing
 t - a potion of ambrosia {unknown}
 w - a potion of might {unknown}
 y - a potion of magic {unknown}
 H - 2 potions of haste {!q}
 J - a potion of resistance {unknown}
 K - a potion of degeneration {unknown}
 L - 2 potions of lignification
 N - 2 potions of cancellation {!q}
 R - a potion of brilliance {unknown}
 V - 4 potions of mutation {!q}
 W - 8 potions of heal wounds {!q}
 X - 4 potions of flight
 Z - 2 potions of berserk rage {!q}


   Skills:
 * Level 9.5 Fighting
 + Level 14.0 Slings
 + Level 7.6 Armour
 + Level 8.1 Dodging
 - Level 3.0 Stealth
 + Level 6.0 Evocations


You had 11 spell levels left.
You didn't know any spells.
Your spell library contained the following spells:

 Spells                   Type           Power        Failure   Level
 Summon Small Mammal      Summ           #...         71%         1
 Call Imp                 Summ           #.......     85%         2
 Call Canine Familiar     Summ           #.......     97%         3
 Summon Guardian Golem    Hex/Summ       #.......     97%         3
 Summon Ice Beast         Ice/Summ       #.......     100%        4
 Summon Lightning Spire   Summ/Air       #.......     100%        4


Dungeon Overview and Level Annotations

Branches:
Dungeon (13/15)            Temple (1/1) D:7            Lair (0/6) D:8
    Orc (0/2) D:9           Sewer (visited)         Ossuary (visited)
Gauntlet (1/1)
 Vaults: D:13-14

Altars:
Ashenzari
Cheibriados
Dithmenos
Elyvilon
Fedhas
Gozag
Hepliaklqana
Kikubaaqudgha
Makhleb
Nemelex Xobeh
Okawaru
Qazlal
Ru
Sif Muna
Trog
Uskayaw
Wu Jian
Xom
Yredelemnul
Zin
The Shining One

Shops:
D:6 [   D:7 ![[

Annotations:
Gauntlet 8 transporters, exclusion: oklob plant


Innate Abilities, Weirdness & Mutations

You are small and have problems with some larger weapons.
You are somewhat resistant to further mutation.


Message History

The sling bullet hits the minotaur but does no damage.
The minotaur is lightly wounded.
The minotaur hits you from afar with a +2 trident of protection.
The minotaur throws a silver javelin.
The silver javelin pierces through you.
The minotaur throws a silver javelin.
The silver javelin misses you.
Fire: 133 sling bullets
Press: ? - help, Q - select action, (/) - cycle Shift-Dir - straight line, f/p - minotaur
Aim: a minotaur, wielding a +2 trident of protection, wearing the +8 pearl dragon scales of the Lute {rElec rC+ rN+}, wearing the +1 kite shield "Qechim" {rElec rCorr Int+3}, wearing the cursed ring "Syefeps" {rPois Str-5 Int+6 Dex-4 SInv} and quivering 2 silver javelins (lightly wounded)
You shoot a sling bullet. The minotaur blocks the sling bullet.
Fire: 132 sling bullets
Press: ? - help, Q - select action, (/) - cycle Shift-Dir - straight line, f/p - minotaur
Aim: a minotaur, wielding a +2 trident of protection, wearing the +8 pearl dragon scales of the Lute {rElec rC+ rN+}, wearing the +1 kite shield "Qechim" {rElec rCorr Int+3}, wearing the cursed ring "Syefeps" {rPois Str-5 Int+6 Dex-4 SInv} and quivering 2 silver javelins (lightly wounded)
You shoot a sling bullet.
The sling bullet hits the minotaur but does no damage.
The minotaur is lightly wounded.
The minotaur throws a silver javelin.
The silver javelin pierces through you!!
* * * LOW HITPOINT WARNING * * *
You die...
Your body crumbles into a pile of gold.

#=.)# #8.8# ####/.[# ##
###8.#8.8#.8### #..(.#...#....#
#.#..#8.8#..#.# #.#..##'##..#.#
#......@(.....# #.#.##.#.##.#.#
#.#....#(...# #
###.#(#######.#.###
#≈..H(...........≈# ###
####8.8.8§.©.©..8.8.8#### #8#
#8##≈....(.....(....≈##8#
################################
...............≈∩≈............≈#


You could see a minotaur.

Vanquished Creatures
  Erica (D:8)
  A centaur warrior (D:7)
  An unseen horror (D:10)
  Pikel (D:9)
  An obsidian statue (Gauntlet)
  An orb spider (D:13)
  An ugly thing (D:12)
  Maggie (D:9)
  An efreet (D:9)
  2 large abominations (Gauntlet)
  Sigmund (D:3)
  A wyvern (D:10)
  2 wargs (D:8)
  4 ice beasts
  6 orc warriors
  A sky beast (D:10)
  A black bear (D:10)
  3 phantoms
  3 centaurs
  6 ogres
  3 big kobolds
  4 bullfrogs
  9 killer bees
  6 scorpions
  7 wights (D:7)
  5 howler monkeys
  5 centaur zombies
  11 orc priests
  A jelly (D:8)
  2 bullfrog skeletons
  A centaur skeleton (D:9)
  4 hounds
  3 iguanas
  13 orc wizards
  5 small abominations (Gauntlet)
  7 worker ants
  2 merfolk sirens (Sewer)
  A merfolk avatar (Sewer)
  A big kobold zombie (Ossuary)
  2 hound zombies
  A hound skeleton (D:9)
  4 mummies (Ossuary)
  14 gnolls
  15 adders
  4 river rats (Sewer)
  3 shadow imps
  2 white imps (D:5)
  An ooze (D:1)
  6 worms
  10 leopard geckos
  58 orcs
  7 giant cockroaches
  8 goblins
  8 hobgoblins
  9 jackals
  19 kobolds
  5 quokkas
  7 ball pythons
  2 bats (D:1)
  8 frilled lizards
  4 hobgoblin zombies (Ossuary)
  2 leopard gecko zombies
  A quokka skeleton (D:5)
  31 rats
360 creatures vanquished.

Vanquished Creatures (others)
  22 demonic plants (Gauntlet)
22 creatures vanquished.

Grand Total: 382 creatures vanquished

Notes
Turn   | Place    | Note
-------+----------+-------------------------------------------
     0 | D:1      | Ge0ff the Halfling Hunter began the quest for the Orb.
     0 | D:1      | Reached XP level 1. HP: 14/14 MP: 1/1
   112 | D:1      | Reached skill level 6 in Slings
   112 | D:1      | Reached XP level 2. HP: 19/19 MP: 2/2
   310 | D:1      | Reached XP level 3. HP: 21/24 MP: 3/3
   777 | D:2      | Reached XP level 4. HP: 29/29 MP: 4/4
   965 | D:2      | Reached skill level 7 in Slings
   965 | D:2      | Reached XP level 5. HP: 19/35 MP: 5/5
  1237 | D:2      | Found a snail-covered altar of Cheibriados.
  1237 | D:2      | Found a broken altar of Ashenzari.
  1415 | D:3      | Reached skill level 1 in Armour
  1826 | D:3      | Reached XP level 6. HP: 38/41 MP: 6/6
  2260 | D:3      | Noticed Sigmund
  2270 | D:3      | Killed Sigmund
  2271 | D:3      | Reached skill level 8 in Slings
  2401 | D:4      | Reached XP level 7. HP: 46/46 MP: 7/7
  2453 | D:4      | Found a glowing drain.
  2494 | Sewer    | Entered a sewer
  3285 | D:4      | Reached skill level 9 in Slings
  3446 | D:4      | Found an opulent altar of Gozag.
  3449 | D:4      | Became a worshipper of Gozag Ym Sagoz the Greedy
  3900 | D:5      | Entered Level 5 of the Dungeon
  3903 | D:5      | Reached XP level 8. HP: 54/54 MP: 8/8
  4849 | D:5      | Found a glowing golden altar of the Shining One.
  4851 | D:5      | Noticed an angel
  4858 | D:5      | Found a basalt altar of Yredelemnul.
  4860 | D:5      | Noticed a profane servitor
  5289 | D:6      | Reached skill level 5 in Fighting
  5464 | D:6      | Reached skill level 10 in Slings
  5464 | D:6      | Reached skill level 1 in Evocations
  5570 | D:6      | Got a shimmering robe
  5618 | D:6      | Got a bone hunting sling
  5619 | D:6      | Identified the +0 hunting sling of Barnacled Prudence
                  | {flame, *Contam +Blink Stlth+} (You found it on level 6 of
                  | the Dungeon)
  5730 | D:6      | Found a sparkling altar of Nemelex Xobeh.
  5739 | D:6      | Reached XP level 9. HP: 61/61 MP: 9/9
  5902 | D:6      | Found Otaudd's Armour Shop.
  5910 | D:6      | Bought a +2 pair of gloves of strength for 236 gold pieces
  5921 | D:6      | Identified the cursed +0 robe of an ossuary {Rampage rPois
                  | Dex+4} (You found it on level 6 of the Dungeon)
  6099 | D:7      | Reached skill level 5 in Dodging
  6221 | D:7      | Noticed a centaur warrior
  6234 | D:7      | Killed a centaur warrior
  6235 | D:7      | Reached skill level 11 in Slings
  6553 | D:7      | Reached skill level 5 in Armour
  6573 | D:7      | Reached XP level 10. HP: 69/69 MP: 10/10
  6714 | D:7      | Found Exzatsu's Armour Boutique.
  6725 | D:7      | Found Faaresuv's Armour Boutique.
  6764 | D:7      | Bought a +0 pair of boots for 63 gold pieces
  6894 | D:7      | Found Tana's Distillery.
  6911 | D:7      | Reached skill level 12 in Slings
  7144 | D:7      | Found a staircase to the Ecumenical Temple.
  7160 | Temple   | Entered the Ecumenical Temple
  7535 | D:7      | Bought a potion of heal wounds for 55 gold pieces
  7535 | D:7      | Bought a potion of curing for 33 gold pieces
  7656 | D:8      | Found a sand-covered staircase.
  7845 | D:8      | Found a staircase to the Lair.
  7880 | Ossuary  | Entered an ossuary
  8422 | D:8      | Noticed Erica
  8432 | D:8      | Killed Erica
  8433 | D:8      | Reached skill level 13 in Slings
  8532 | D:8      | Reached XP level 11. HP: 77/77 MP: 11/11
  8786 | D:8      | Found a shimmering altar of Xom.
  8787 | D:8      | Identified the cursed +1 war axe of Truncation {venom,
                  | Str+3}
  8795 | D:8      | Found an ancient bone altar of Kikubaaqudgha.
  8795 | D:8      | Found a stormy altar of Qazlal.
  8837 | D:8      | Found an iron altar of Okawaru.
  8995 | D:9      | Found a sacrificial altar of Ru.
  9122 | D:9      | Noticed Maggie
  9132 | D:9      | Killed Maggie
  9191 | D:9      | Noticed Pikel
  9208 | D:9      | Killed Pikel
  9209 | D:9      | Reached skill level 5 in Evocations
  9598 | D:9      | Found a staircase to the Orcish Mines.
 10089 | D:10     | Entered Level 10 of the Dungeon
 10143 | D:10     | Killed an unseen horror
 10917 | D:10     | Got an ancient scale mail
 10928 | D:10     | Identified the cursed +0 scale mail "Dysko" {rF+++ Str-3
                  | SInv Stlth-} (You found it on level 10 of the Dungeon)
 11134 | D:10     | Got a distressingly furry scale mail
 11145 | D:10     | Identified the +2 scale mail "Bostei" {rF+ MP+9 Int+3} (You
                  | found it on level 10 of the Dungeon)
 11365 | D:11     | You fall into a shaft and drop 2 floors!
 11393 | D:13     | Noticed an orb spider
 11396 | D:13     | Killed an orb spider
 11444 | D:12     | Noticed a green ugly thing
 11459 | D:12     | Killed a green ugly thing
 11487 | D:12     | Found a gate leading to a gauntlet.
 11535 | Gauntlet | Entered a Gauntlet
 11535 | Gauntlet | Found a transporter.
 11535 | Gauntlet | Found a transporter.
 11570 | Gauntlet | Found a transporter.
 11572 | Gauntlet | Found a transporter.
 11586 | Gauntlet | Found a transporter.
 11587 | Gauntlet | Found a transporter.
 11587 | Gauntlet | Noticed an oklob plant
 11588 | Gauntlet | Found a transporter.
 11597 | Gauntlet | Found a transporter.
 11604 | Gauntlet | Found a transporter.
 11607 | Gauntlet | Noticed a tengu warrior
 11641 | Gauntlet | Found a transporter.
 11666 | Gauntlet | Found a transporter.
 11683 | Gauntlet | Found a transporter.
 11738 | Gauntlet | Noticed an obsidian statue
 11797 | Gauntlet | Got a pair of brightly glowing gloves
 11808 | Gauntlet | Identified the cursed +0 pair of gloves "Yrpheqio" {Harm}
                  | (You found it in a Gauntlet)
 11842 | Gauntlet | Killed an obsidian statue
 11843 | Gauntlet | Reached skill level 14 in Slings
 11843 | Gauntlet | Reached XP level 12. HP: 86/86 MP: 12/12
 11899 | Gauntlet | Identified the +8 pearl dragon scales of the Lute {rElec
                  | rC+ rN+}
 11899 | Gauntlet | Identified the +1 kite shield "Qechim" {rElec rCorr Int+3}
 11899 | Gauntlet | Identified the cursed ring "Syefeps" {rPois Str-5 Int+6
                  | Dex-4 SInv}
 11899 | Gauntlet | Noticed a minotaur
 11944 | Gauntlet | Hit by a silver javelin thrown by a minotaur

Illustrated notes

Levels and vault maps discovered:
D:1:      scummos_arrival_star, layout_rooms
D:2:      layout_basic, gammafunk_temple_overflow_wave
D:3:      layout_basic, uniq_sigmund
D:4:      layout_basic, nicolae_overflow_hidden_temple, kennysheep_mini,
          cheibrodos_sewer_entry_drain
D:5:      layout_loops_corners, grunt_temple_overflow_holy_war
D:6:      layout_basic, nicolae_overflow_crystal_walls, serial_shops, shop,
          serial_park_tiny_2
D:7:      layout_gridville, minmay_temple_entry_nine_rooms, serial_shops,
          nicolae_shop_waterfront, nicolae_shop_stone, shop_fountains,
          kb_rosetta
D:8:      layout_loops_ring, okawaru_altar_gauntlet_db,
          grunt_temple_overflow_open, erik_lair_orcish_takeover,
          nicolae_ossuary_entry_plus, uniq_erica
D:9:      minmay_cornered_nines, layout_small_grid,
          nicolae_ru_sacrificial_ziggurat, david_orc_2, uniq_maggie, uniq_pikel
D:10:     layout_loops_ring
D:11:     minmay_mutant_horseshoe, layout_loops_ring, uniq_maurice
D:12:     layout_stronghold, gauntlet_entry_generic,
          portal_ice_cave_entry_pillars_1, minmay_statue_bubble, uniq_psyche
D:13:     layout_loops_corners, drop_trap, minmay_liquid_box, uniq_urug
Temple:   chequers_temple_sunken
Gauntlet: gammafunk_gauntlet_shortcut [gammafunk_gauntlet_arena_hedges,
          nicolae_gauntlet_arena_blocks, gammafunk_gauntlet_arena_chambers,
          gammafunk_gauntlet_arena_grid, gammafunk_gauntlet_arena_split_x,
          gammafunk_gauntlet_arena_corners,
          nicolae_gauntlet_exit_dead_adventurers]

Skill      XL: |  1  2  3  4  5  6  7  8  9 10 11 |
---------------+----------------------------------+-----
Fighting       | 2 3 4 5 6 7 9 |  9.5
Slings         | 6 7 8 9 10 11 13 14 | 14.0
Stealth        | 2 3 |  3.0
Armour         | 1 2 3 5 6 7 |  7.6
Dodging        | 3 4 5 6 8 |  8.1
Evocations     | 1 3 4 6 |  6.0

Action                   |  1- 3 |  4- 6 |  7- 9 | 10-12 || total
-------------------------+-------+-------+-------+-------++-------
Melee: Short sword       |     8 |       |       |       ||     8
       Hunting sling     |       |       |       |     1 ||     1
 Fire: Hunting sling     |    39 |   104 |   399 |   538 ||  1080
Throw: Boomerang         |    33 |       |       |       ||    33
       Dart              |       |       |       |     3 ||     3
 Abil: Evoke Flight      |       |       |     1 |       ||     1
       Evoke Blink       |       |       |       |     7 ||     7
Evoke: Wand              |       |       |     6 |    31 ||    37
  Use: Scroll            |     1 |     6 |     1 |    14 ||    22
       Potion            |       |       |     1 |     5 ||     6
 Stab: Sleeping          |     1 |       |       |       ||     1
Armor: Leather armour    |     7 |     2 |       |       ||     9
       Ring mail         |       |       |     6 |       ||     6
       Scale mail        |       |       |    15 |    31 ||    46
Dodge: Dodged            |    24 |     9 |    69 |    65 ||   167

Table legend: (Time is in decaauts)
 A = Elapsed time spent in this place.
 B = Non-inter-level travel time spent in this place.
 C = Inter-level travel time spent in this place.
 D = Time resting spent in this place.
 E = Time spent auto-exploring this place.
 F = Levels seen in this place.
 G = Mean time per level.
                   A        B        C        D        E       F      G
               +--------+--------+--------+--------+--------+-----+--------+
         Total |  11696 |  11225 |    471 |    210 |   8272 |  17 |  688.0 |
       Dungeon |  10333 |   9866 |    467 |    136 |   7513 |  13 |  794.8 |
        Temple |    200 |    197 |      3 |      0 |    197 |   1 |  200.0 |
         Sewer |    575 |    575 |      0 |      0 |    254 |   1 |  575.0 |
       Ossuary |    194 |    194 |      0 |     39 |     83 |   1 |  194.0 |
      Gauntlet |    391 |    391 |      0 |     35 |    225 |   1 |  391.0 |
               +--------+--------+--------+--------+--------+-----+--------+

Top non-repeatable levels by time:
     D:5: 1365 daAuts
     D:7: 1325 daAuts
    D:10: 1200 daAuts
     D:8: 1166 daAuts
     D:3: 1011 daAuts
     D:9: 993 daAuts
     D:4: 971 daAuts
     D:6: 774 daAuts
     D:2: 728 daAuts
     D:1: 611 daAuts
   Sewer: 575 daAuts
Gauntlet: 391 daAuts
  Temple: 200 daAuts
 Ossuary: 194 daAuts
    D:12: 109 daAuts
